 Dungeon Crawl Stone Soup version 0.24-a0-201-gf205589 (console) character file.

Game seed: 10665192047053698870

492 bli the Sneak (level 7, -13/35 HPs)
             Began as a Vine Stalker Assassin on Mar 23, 2019.
             Mangled by an ogre
             ... wielding a +0 giant spiked club
              (26 damage)
             ... on level 4 of the Dungeon.
             The game lasted 00:07:55 (2436 turns).

bli the Sneak (Vine Stalker Assassin)               Turns: 2436, Time: 00:07:56

Health: -13/35     AC:  7    Str: 14    XL:     7   Next: 14%
Magic:  0/8        EV: 12    Int: 11    God:
Gold:   131        SH:  0    Dex: 17    Spells: 6/6 levels left

rFire    + . .     SeeInvis .   a - +3 dagger (venom)
rCold    . . .     Gourm    .   (no shield)
rNeg     . . .     Faith    .   j - +3 leather armour {rF+}
rPois    .         Spirit   +   (no helmet)
rElec    .         Reflect  .   d - +0 cloak
rCorr    .         Harm     +   (no gloves)
MR       .....     Rnd*Tele +   (no boots)
Stlth    +++.......             D - amulet of harm
HPRegen  0.51/turn              p - +2 ring of slaying
MPRegen  0.11/turn              x - ring of teleportation (curse)

@: lethally poisoned (-13 -> -15)
A: fangs 2, regeneration 1, magic shield, antimagic bite, no potion heal 3, rot
immunity
a: no special abilities


You were on level 4 of the Dungeon.
You were not hungry.

You visited 1 branch of the dungeon, and saw 4 of its levels.

You collected 131 gold pieces.

Inventory:

Hand Weapons
 a - a +3 dagger of venom (weapon)
 b - a +0 blowgun
 y - a +2 dagger
 A - a +0 long sword
Missiles
 e - 8 poisoned needles
 f - 2 curare-tipped needles
 i - 70 stones (quivered)
 v - 4 tomahawks
Armour
 c - a +0 robe
 d - a +0 cloak (worn)
 j - a +3 leather armour of fire resistance (worn)
Jewellery
 p - a +2 ring of slaying (left hand)
 u - an uncursed ring of fire
 x - a cursed ring of teleportation (right hand)
 D - an amulet of harm (around neck)
Wands
 B - a wand of acid (7)
Scrolls
 m - a scroll of enchant armour {unknown}
 n - 2 scrolls of immolation {unknown}
 q - 5 scrolls of remove curse {unknown}
 r - 3 scrolls of identify {unknown}
 s - a scroll of amnesia {unknown}
 z - a scroll of teleportation {unknown}
 C - a scroll of magic mapping {unknown}
 E - a scroll of random uselessness {unknown}
 F - a scroll of fear {unknown}
Potions
 k - 2 potions of degeneration {unknown}
 l - a potion of flight {unknown}
 o - 3 potions of might {unknown}
 t - 4 potions of curing {unknown}
 w - a potion of lignification {unknown}
 G - a potion of heal wounds {unknown}
Comestibles
 g - 5 rations
 h - 9 chunks of flesh


   Skills:
 + Level 2.6 Fighting
 + Level 4.0 Short Blades
 + Level 2.1 Throwing
 + Level 2.2 Armour
 + Level 2.0 Dodging
 + Level 7.0 Stealth


You had 6 spell levels left.
You didn't know any spells.
Your spell library was empty.

Dungeon Overview and Level Annotations

Branches:
Dungeon (4/15)
 Temple: D:4-7

Altars:
Vehumet
Xom
Zin

Shops:
D:2 *


Innate Abilities, Weirdness & Mutations

You have extremely sharp teeth.
Your natural rate of healing is unusually fast.
When hurt, damage is shared between your health and your magic reserves.
Your bite disrupts and absorbs the magic of your enemies.
Potions cannot restore your health.
You are immune to rotting.


Message History

The worker ant looks as sick as possible!
The worker ant is heavily wounded.
You feel sick. The worker ant bites you.
You are more poisoned.
The worker ant poisons you!
You hit the worker ant.
The worker ant looks as sick as possible!
The worker ant is severely wounded.
You feel sick.
You kill the worker ant!
Your Short Blades skill increases to level 4!
Your Stealth skill increases to level 7!
You feel sick.
You feel sick.
You puncture the ogre!
The ogre is poisoned.
You bite the ogre! You drain its power.
You feel invigorated.
The ogre is heavily wounded.
You feel sick.
The ogre hits you with a +0 giant spiked club!!
Ouch! That really hurt!
You die...

...........# ..........##
...........# ####......
..........## #.........
#.........# ........#.
#.........#####..........
............#.##........#
.>......###....#.......#
........##.............#
....##.................#
.<...#..........@O....##
.....#....#.##........##
.###.##......##.........#
............# ##..%.....#
..## .#...... .....#...#
##.. ##.... ......#...# #
.. ... ............
.....##...... . ....!.#
..... . .......# ..... .


You could see an ogre.

Vanquished Creatures
  2 ogres (D:4)
  A scorpion (D:4)
  A howler monkey (D:4)
  An orc wizard (D:3)
  A worker ant (D:4)
  11 adders
  An ooze (D:2)
  An adder skeleton (D:2)
  A worm (D:4)
  3 dart slugs
  A leopard gecko (D:3)
  4 orcs (D:3)
  3 giant cockroaches (D:3)
  5 goblins
  4 hobgoblins
  8 jackals
  7 kobolds
  2 quokkas
  A ball python (D:2)
  10 bats
  8 frilled lizards
  A leopard gecko skeleton (D:4)
  11 rats
88 creatures vanquished.

Notes
Turn   | Place    | Note
-------+----------+-------------------------------------------
     0 | D:1      | bli the Vine Stalker Assassin began the quest for the Orb.
     0 | D:1      | Reached XP level 1. HP: 11/11 MP: 2/2
    85 | D:1      | Reached skill level 5 in Stealth
   180 | D:1      | Reached XP level 2. HP: 14/15 MP: 3/3
   819 | D:2      | Reached XP level 3. HP: 16/18 MP: 2/4
  1133 | D:2      | Reached skill level 1 in Dodging
  1186 | D:2      | Found Zin's Purification Station.
  1188 | D:2      | Found a glowing silver altar of Zin.
  1256 | D:2      | Reached skill level 6 in Stealth
  1256 | D:2      | Gained mutation: Your natural rate of healing is unusually
                  | fast. [Vine Stalker growth]
  1256 | D:2      | Reached XP level 4. HP: 23/23 MP: 5/5
  1708 | D:2      | Reached XP level 5. HP: 9/26 MP: 4/6
  1747 | D:3      | Found a shimmering altar of Xom.
  1881 | D:3      | Reached skill level 1 in Armour
  2125 | D:3      | Found a radiant altar of Vehumet.
  2359 | D:4      | Noticed an ogre
  2360 | D:4      | Noticed an ogre
  2366 | D:4      | Killed an ogre
  2366 | D:4      | Reached XP level 6. HP: 31/31 MP: 7/7
  2430 | D:4      | Reached XP level 7. HP: 27/35 MP: 6/8
  2433 | D:4      | Reached skill level 7 in Stealth
  2436 | D:4      | Mangled by an ogre

Levels and vault maps discovered:
D:1:      shiori_arrival_maze, layout_basic
D:2:      layout_basic, zin_purify, minmay_pentomino_o2
D:3:      cheibrodos_helix_gallery, layout_rooms, vehumet_crystals,
          nicolae_overflow_crystal_walls, minmay_misc_feat_ornament,
          minmay_starry_boxes
D:4:      layout_cave_pools, fedhas_altar_4, first_ration, portal_sewer_entry_a,
          minmay_misc_feat_x, minmay_fractal_squares_5

Skill      XL: |  1  2  3  4  5  6  7 |
---------------+----------------------+-----
Stealth        | 5 6 7 |  7.0
Short Blades   | 2 3 4 |  4.0
Throwing       | 2 |  2.1
Dodging        | 1 2 |  2.0
Fighting       | 2 |  2.6
Armour         | 1 2 |  2.2

Action                   |  1- 3 |  4- 6 |  7- 9 || total
-------------------------+-------+-------+-------++-------
Melee: Dagger            |    70 |   138 |     4 ||   212
       Bite              |    10 |    34 |     1 ||    45
 Stab: Sleeping          |     8 |     7 |       ||    15
  Eat: Chunk             |     1 |     4 |       ||     5
Armor: Robe              |     1 |       |       ||     1
       Leather armour    |    20 |    56 |     1 ||    77
Dodge: Dodged            |    35 |    96 |       ||   131

Table legend:
 A = Non-vault XP
 B = Vault XP
 C = Vault XP percentage of total XP
 D = Non-vault monster count
 E = Vault monster count
 F = Vault count percentage of total count
                 A         B        C        D         E       F
            +---------+---------+-------+---------+---------+-------
      Total |     660 |      44 |   6.2 |      75 |      13 |  14.8
            +---------+---------+-------+---------+---------+-------
        D:1 |      17 |       5 |  22.7 |      12 |       2 |  14.3
        D:2 |     135 |       4 |   2.9 |      27 |       3 |  10.0
        D:3 |     111 |      35 |  24.0 |      28 |       8 |  22.2
        D:4 |     397 |       0 |   0.0 |       8 |       0 |   0.0
            +---------+---------+-------+---------+---------+-------
